 Dungeon Crawl Stone Soup version 0.19.1-1-g22dce08 (webtiles) character file.

12974 Kiturien the Covert (level 12, -10/84 HPs)
             Began as an Octopode Fighter on Jan 18, 2017.
             Was a Priest of Dithmenos.
             Mangled by Rupert
             ... wielding a +4 great mace of crushing
              (22 damage)
             ... on level 4 of the Lair of Beasts.
             The game lasted 01:03:14 (13373 turns).

Kiturien the Covert (Octopode Fighter)             Turns: 13373, Time: 01:03:14

Health: -10/84     AC:  5    Str: 15 (16) XL:     12   Next: 1%
Magic:  11/11      EV: 17    Int: 10      God:    Dithmenos [***...]
Gold:   730        SH: 12    Dex: 15 (16) Spells: 0 memorised, 11 levels left

rFire  x . .     SeeInvis .     k - +6 short sword (protect)
rCold  + . .     Gourm    .     b - +1 shield
rNeg   . . .     Faith    .     (helmet restricted)
rPois  .         Spirit   .     (no amulet)
rElec  .         Reflect  .     e - +4 ring of protection
rCorr  .         Harm     .     H - ring of ice
MR     .....                    (no ring)
Stlth  ++++++++..               (no ring)
                                (no ring)
                                (no ring)
                                (no ring)
                                (no ring)

@: lethally poisoned (-10 -> -21), about to teleport, wreathed by umbra
A: almost no armour, stealthy swim, amphibious, 8 rings, constrict 8, tentacle
spike 1, camouflage 1, deterioration 1, low mp 1, gelatinous body 1
a: Shadow Step, Renounce Religion


You were on level 4 of the Lair of Beasts.
You worshipped Dithmenos.
Dithmenos was most pleased with you.
You were not hungry.

You visited 4 branches of the dungeon, and saw 14 of its levels.

You collected 765 gold pieces.
You spent 35 gold pieces at shops.

Inventory:

Hand Weapons
 a - a +0 rapier
 k - a +6 short sword of protection (weapon)
 n - a +0 short sword of venom
 o - a +2 dagger of holy wrath
 r - a +0 short sword of protection
 t - a +2 dire flail of holy wrath
 x - the +1 dagger of Yxzauruwk {freeze, +Blink rPois Str+3}
   (You found it on level 5 of the Dungeon)

   It has been specially enchanted to freeze those struck by it, causing extra
   injury to most foes and up to half again as much damage against particularly
   susceptible opponents.
   It can also slow down cold-blooded creatures.
   It affects your strength (+3).
   It protects you from poison.
   It lets you blink.
 D - a +3 vampiric dagger
 G - a +3 short sword
 J - a +2 scimitar of slicing
Armour
 b - a +1 shield (worn)
 B - a cursed +0 scale mail
 F - a +1 chain mail of poison resistance
 L - the +3 plate armour "Vomokh" {Regen+, unknown}
   (You found it on level 3 of the Lair of Beasts)

   It increases your rate of regeneration.
Jewellery
 e - a +4 ring of protection (left tentacle)
 H - a ring of ice (right tentacle)
Wands
 s - a wand of lightning (15/15)
 v - a wand of iceblast (6/15)
Scrolls
 g - a scroll of fear
 j - 2 scrolls of magic mapping
 l - 2 scrolls of teleportation
 q - 2 scrolls of remove curse
 y - a scroll of fog {unknown}
 z - 2 scrolls of vulnerability {unknown}
 A - 2 scrolls of amnesia
 E - 3 scrolls of blinking {unknown}
Potions
 c - 2 potions of might
 h - 3 potions of invisibility
 i - 3 potions of flight
 m - 4 potions of haste
 p - 2 potions of curing
 I - a potion of ambrosia
 M - a potion of heal wounds
Comestibles
 d - 4 bread rations
 f - 4 fruits
 u - 3 meat rations
 w - a slice of pizza
 C - a beef jerky
 K - 2 royal jellies


   Skills:
 * Level 8.8 Fighting
 + Level 9.6 Short Blades
 + Level 8.3 Dodging
 + Level 11.1 Stealth
 * Level 9.7 Shields
 + Level 0.9 Evocations


You had 11 spell levels left.
You didn't know any spells.

Dungeon Overview and Level Annotations

Branches:
Dungeon (8/15)             Temple (1/1) D:5            Lair (4/6) D:8
  Snake (1/4) Lair:2
  Swamp: Lair:2-4    Shoals: Lair:2-4

Altars:
Ashenzari
Cheibriados
Dithmenos
Elyvilon
Fedhas
Gozag
Hepliaklqana
Kikubaaqudgha
Makhleb
Nemelex Xobeh
Okawaru
Qazlal
Ru
Sif Muna
Trog
Uskayaw
Xom
Yredelemnul
Zin
The Shining One

Shops:
D:8 !

Annotations:
Lair:4 Josephine, Rupert


Innate Abilities, Weirdness & Mutations

You cannot wear most types of armour.
You are very stealthy in the water. (Stealth+)
You are amphibious.
You can wear up to eight rings at the same time.
You can use your tentacles to constrict eight enemies at once.
Your skin changes colour to match your surroundings (Stealth+).
Your rubbery body absorbs attacks. (AC +1, EV +1)
One of your tentacles bears a spike.
Your body sometimes deteriorates upon taking damage.
Your magical capacity is low. (-10% MP)


Message History

The spiny frog croaks.
You hear a screech!
You hear a trumpeting!
You release your grip on Rupert.
You hear an angry hiss.
A porcupine comes into view.
Rupert hits you with a great mace of crushing.
You block Rupert's attack.
An elephant comes into view.
You block the porcupine's attack.
You hear a trumpeting!
A water moccasin comes into view.
You block Rupert's attack. The spiny frog stings you!!
* * * LOW HITPOINT WARNING * * *
You are poisoned.
The spiny frog poisons you!
As you read the scroll labeled VAEXAMOWISK, it crumbles to dust.
You feel strangely unstable.
It was a scroll of teleportation.
* * * LOW HITPOINT WARNING * * *
You feel sick.
Rupert hits you with a great mace of crushing!!
You die...

.## #§§§...≈##
#..####§§.....#≈
......§.S§....≈.
.............≈#
.........§..≈##≈
............≈#≈≈
..##P##..H...≈Y. #
###F@rY......
##@....#..#
##.....##.#
#......##..
##........ #
#......## #> ##
#......#
##.####.####.....##
#....P##.##......P..
#..................


You could see Rupert (berserk), 2 elephants, a hippogriff, a spiny frog, a water
moccasin and a porcupine.

Vanquished Creatures
  2 hydras (Lair:2)
  A black mamba (Lair:3)
  2 spiny frogs (Lair:1)
  5 komodo dragons
  A troll (D:7)
  A hornet (D:6)
  3 blink frogs (Lair:1)
  Sigmund (D:3)
  2 hippogriffs
  14 yaks
  3 water moccasins
  Edmund (D:4)
  4 orc warriors
  A swamp drake (D:8)
  3 porcupines
  2 sky beasts (D:7)
  3 ogres
  A phantom (D:4)
  5 wolves (Lair:4)
  5 centaurs
  6 crocodiles
  12 bullfrogs
  5 scorpions
  6 wights
  7 howler monkeys
  4 crimson imps
  A jelly (D:8)
  A bullfrog skeleton (D:6)
  6 orc priests
  9 orc wizards
  2 iguanas (D:8)
  Jessica (D:2)
  10 worker ants
  2 hound zombies
  A hound skeleton (D:4)
  A worker ant zombie (D:3)
  Robin (D:3)
  11 gnolls (D:4)
  12 adders
  2 shadow imps
  An adder skeleton (D:4)
  2 worms
  3 dart slugs
  4 leopard geckos
  25 orcs
  6 bats
  4 giant cockroaches
  44 goblins
  31 hobgoblins
  8 quokkas
  4 ball pythons
  3 frilled lizards
  A jackal skeleton (D:7)
  11 kobolds
  4 rats
  A fungus (Lair:2)
  A plant (Lair:2)
313 creatures vanquished.

Vanquished Creatures (others)
  A leopard gecko (D:8)
  A fungus (Lair:3)
  2 plants
4 creatures vanquished.

Grand Total: 317 creatures vanquished

Notes
Turn   | Place    | Note
-------+----------+-------------------------------------------
     0 | D:1      | Kiturien the Octopode Fighter began the quest for the Orb.
     0 | D:1      | Reached XP level 1. HP: 16/16 MP: 1/1
   143 | D:1      | Reached XP level 2. HP: 21/21 MP: 2/2
   623 | D:2      | Reached XP level 3. HP: 16/26 MP: 3/3
   851 | D:2      | Reached skill level 1 in Stealth
  1009 | D:2      | Noticed Jessica
  1015 | D:2      | Killed Jessica
  1015 | D:2      | Reached XP level 4. HP: 21/31 MP: 4/4
  1180 | D:2      | Reached skill level 2 in Stealth
  1297 | D:3      | Noticed Sigmund
  1755 | D:3      | Killed Sigmund
  1755 | D:3      | Reached skill level 3 in Stealth
  1755 | D:3      | Reached XP level 5. HP: 8/37 MP: 5/5
  1755 | D:3      | Reached XP level 6. HP: 9/43 MP: 6/6
  2222 | D:3      | Noticed Robin
  2234 | D:3      | Killed Robin
  2907 | D:4      | Reached skill level 4 in Stealth
  2907 | D:4      | Reached XP level 7. HP: 25/49 MP: 7/7
  3643 | D:4      | Found a basalt altar of Yredelemnul.
  3684 | D:4      | Noticed Edmund
  3951 | D:4      | Reached skill level 5 in Fighting
  3951 | D:4      | Reached skill level 5 in Short Blades
  3951 | D:4      | Reached skill level 5 in Stealth
  3951 | D:4      | Reached XP level 8. HP: 55/55 MP: 8/8
  4006 | D:4      | Killed Edmund
  4173 | D:5      | Entered Level 5 of the Dungeon
  4173 | D:5      | Found a staircase to the Ecumenical Temple.
  4180 | Temple   | Entered the Ecumenical Temple
  4211 | Temple   | Became a worshipper of Dithmenos the Shadowed
  4552 | D:5      | Found a blossoming altar of Fedhas.
  4735 | D:5      | Reached skill level 5 in Dodging
  4853 | D:5      | Got a translucent dagger
  4854 | D:5      | Identified the +1 dagger of Yxzauruwk {freeze, +Blink rPois Str+3} (You found it on level 5 of the Dungeon)
  5053 | D:5      | Reached skill level 6 in Stealth
  5220 | D:6      | Found a glowing golden altar of the Shining One.
  5392 | D:6      | Reached * piety under Dithmenos
  5412 | D:6      | Reached XP level 9. HP: 62/62 MP: 9/9
  5423 | D:6      | Reached skill level 5 in Shields
  5545 | D:6      | Noticed a hornet
  5552 | D:6      | Killed a hornet
  5985 | D:6      | Reached skill level 7 in Stealth
  6568 | D:7      | Noticed a troll
  6913 | D:7      | Found a glowing silver altar of Zin.
  7178 | D:7      | Reached ** piety under Dithmenos
  7444 | D:7      | Reached skill level 8 in Stealth
  7940 | D:7      | Killed a troll
  7940 | D:7      | Reached XP level 10. HP: 22/69 MP: 10/10
  9191 | D:8      | Found a staircase to the Lair.
  9219 | Lair:1   | Entered Level 1 of the Lair of Beasts
  9364 | D:8      | Reached skill level 9 in Stealth
  9674 | D:8      | Found Ycvys's Distillery.
  9682 | D:8      | Bought a potion of mutation for 35 gold pieces
  9689 | D:8      | Found a shimmering altar of Xom.
  9689 | D:8      | Found a faded altar of an unknown god.
  9695 | D:8      | Found a faded altar of an unknown god.
  9697 | D:8      | Found a faded altar of an unknown god.
  9699 | D:8      | Found a faded altar of an unknown god.
  9779 | D:8      | Found a burning altar of Makhleb.
  9779 | D:8      | Noticed a balrug
 10171 | Lair:1   | Noticed a spiny frog
 10184 | Lair:1   | Killed a spiny frog
 10189 | Lair:1   | Gained mutation: Your body sometimes deteriorates upon taking damage. [potion of mutation]
 10189 | Lair:1   | Gained mutation: One of your tentacles bears a spike. [potion of mutation]
 10189 | Lair:1   | Gained mutation: Your magical capacity is low. (-10% MP) [potion of mutation]
 10215 | Lair:1   | Noticed a spiny frog
 10222 | Lair:1   | Killed a spiny frog
 10222 | Lair:1   | Reached *** piety under Dithmenos
 10333 | Lair:1   | Reached XP level 11. HP: 41/76 MP: 10/10
 11161 | Lair:2   | Found a staircase to the Snake Pit.
 11203 | Snake:1  | Entered Level 1 of the Snake Pit
 11203 | Snake:1  | Noticed a naga warrior
 11440 | Lair:2   | Noticed a four-headed hydra
 11450 | Lair:2   | Killed a four-headed hydra
 11450 | Lair:2   | Reached skill level 10 in Stealth
 11586 | Lair:2   | Noticed a four-headed hydra
 11598 | Lair:2   | Killed a four-headed hydra
 12749 | Lair:3   | Got a translucent plate armour
 13123 | Lair:4   | Noticed Josephine
 13171 | Lair:4   | Reached skill level 11 in Stealth
 13229 | Lair:4   | Reached XP level 12. HP: 56/84 MP: 11/11
 13358 | Lair:4   | Noticed Rupert
 13373 | Lair:4   | Mangled by Rupert

Skill      XL: |  1  2  3  4  5  6  7  8  9 10 11 |
---------------+----------------------------------+-----
Stealth        | 1 3 4 5 6 8 9 11 | 11.1
Fighting       | 4 5 6 7 8 |  8.8
Short Blades   | 3 4 5 6 7 8 9 |  9.6
Dodging        | 4 5 6 7 8 |  8.3
Shields        | 4 6 8 9 |  9.7
Evocations     | |  0.9

Action                   |  1- 3 |  4- 6 |  7- 9 | 10-12 || total
-------------------------+-------+-------+-------+-------++-------
Melee: Rapier            |    64 |    78 |       |       ||   142
       Tentacles         |    10 |    20 |    79 |   154 ||   263
       Constrict         |    16 |    32 |    71 |    53 ||   172
       Short sword       |       |    29 |   266 |   289 ||   584
       Dagger            |       |       |    89 |   180 ||   269
       Kick              |       |       |       |   114 ||   114
 Abil: Evoke Blink       |       |       |     1 |       ||     1
  Use: Scroll            |       |     6 |     7 |     6 ||    19
       Potion            |       |       |       |     5 ||     5
 Stab: Sleeping          |     4 |     6 |    22 |    19 ||    51
       Distracted        |       |     1 |     2 |       ||     3
  Eat: Bread ration      |       |     2 |     3 |     3 ||     8
       Pizza             |       |       |       |     1 ||     1
       Meat ration       |       |       |       |     1 ||     1
Armor: Skin              |    13 |    15 |    52 |    21 ||   101
Dodge: Dodged            |    35 |    40 |   148 |   163 ||   386
Block: Shield            |    30 |    47 |   139 |   164 ||   380
